 Dungeon Crawl Stone Soup version 0.27-a0-1200-g94dc6ad4cf (webtiles) character file.

Game seed: 13625085518174415570

18 pokeman the Magician (level 2, 0/16 HPs)
             Began as a Deep Elf Hedge Wizard on May 30, 2021.
             Slain by an endoplasm (1 damage)
             ... on level 1 of the Dungeon.
             The game lasted 00:02:44 (519 turns).

pokeman the Magician (Deep Elf Hedge Wizard)         Turns: 519, Time: 00:02:45

Health: 0/16       AC:  2    Str:  7    XL:     2   Next: 51%
Magic:  4/9        EV: 12    Int: 18    God:
Gold:   0          SH:  0    Dex: 14    Spells: 9/10 levels left

rFire    . . .     SeeInvis .   a - +0 dagger
rCold    . . .     Faith    .   (no shield)
rNeg     . . .     Spirit   .   b - +0 robe
rPois    .         Reflect  .   c - +0 hat
rElec    .         Harm     .   (no cloak)
rCorr    .         Rampage  .   (no gloves)
Will     .....                  (no boots)
Stlth    ++........             (no amulet)
HPRegen  0.05/turn              (no ring)
MPRegen  0.11/turn              (no ring)

@: very slightly contaminated
A: no striking features
a: no special abilities


You were on level 1 of the Dungeon.
You visited 1 branch of the dungeon, and saw 1 of its levels.

Inventory:

Hand Weapons
 a - a +0 dagger (weapon)
Armour
 b - a +0 robe (worn)
 c - a +0 hat (worn)
Scrolls
 e - 2 scrolls of teleportation {unknown}
 f - 3 scrolls of noise {unknown}
Potions
 d - a potion of curing {unknown}


   Skills:
 + Level 0.5 Fighting
 + Level 0.5 Armour
 - Level 2.4 Dodging
 - Level 2.4 Stealth
 * Level 4.9 Spellcasting
 + Level 1.5 Conjurations
 - Level 1.1 Summonings
 - Level 1.1 Translocations


You had 9 spell levels left.
You knew the following spells:

 Your Spells              Type           Power      Damage    Failure   Level
a - Magic Dart            Conj           40%        1d5       7%          1

Your spell library contained the following spells:

 Spells                   Type           Power      Damage    Failure   Level
 Blink                    Tloc           N/A        N/A       13%         2
 Call Imp                 Summ           8%         N/A       13%         2
 Slow                     Hex            4%         N/A       21%         2
 Conjure Flame            Conj/Fire      7%         6-21      28%         3
 Mephitic Cloud           Conj/Pois/Air  6%         N/A       32%         3


Dungeon Overview and Level Annotations

Branches:
Dungeon (1/15)

Altars:


Message History

Aiming: Magic Dart (safe; 7% risk of failure)
Press: ? - help, Shift-Dir - straight line, f/p - quokka
Aim: a quokka (severely wounded, 100% to hit)
The magic dart hits the quokka.
You kill the quokka!
Your magical contamination has completely faded away.
Things that are here:
a +0 dagger; 2 stones; a quokka corpse You closely miss the kobold.
The kobold barely misses you.
You hit the kobold but do no damage. The kobold closely misses you.
You hit the kobold but do no damage. The kobold hits you with a +0 whip.
The endoplasm jiggles.
You hit the kobold.
The kobold is moderately wounded.
The kobold closely misses you.
The endoplasm hits you but does no damage.
The endoplasm hits you.
* * * LOW HITPOINT WARNING * * *
The endoplasm jiggles.
The endoplasm hits you.
* * * LOW HITPOINT WARNING * * *
The endoplasm jiggles.
Casting: Magic Dart (safe; 7% risk of failure)
Confirm with . or Enter, or press ? or * to list all spells.
Aiming: Magic Dart (safe; 7% risk of failure)
Press: ? - help, Shift-Dir - straight line, f - endoplasm
Aim: an endoplasm (100% to hit)
You miscast Magic Dart.
You are very lightly contaminated with residual magic.
Nothing appears to happen.
Casting: Magic Dart (safe; 7% risk of failure)
Confirm with . or Enter, or press ? or * to list all spells.
Aiming: Magic Dart (safe; 7% risk of failure)
Press: ? - help, Shift-Dir - straight line, f/p - endoplasm
Aim: an endoplasm (100% to hit)
You miscast Magic Dart.
Nothing appears to happen.
The endoplasm hits you.
* * * LOW HITPOINT WARNING * * *
Unknown command.
You hit the endoplasm but do no damage. The endoplasm hits you.
You die...

#..##....# #.#
#..#....?. ##..#..###
#.# #..##.##?#. .#.....#
#.# #........#..
.#...### #.# #.####.#.#
#) .##...## #.# ... ..
.##.#..## #K# ..# #.
.##.##..# #.# .##..#..#
#.##########. .##..##.##
#..KJ@.......
.#.#.....##############.
.†.##.............#
##.########...###.#
#.##.# #.#.# #.#
#.#.######.#.# #.#
#.#........#.# #.#
#.#........#.###.#
#.#.######.....#.#


You could see an endoplasm and a kobold.

Vanquished Creatures
  5 ball pythons (D:1)
  3 bats (D:1)
  An endoplasm (D:1)
  2 giant cockroaches (D:1)
  A quokka (D:1)
  3 frilled lizards (D:1)
  2 kobolds (D:1)
  A rat (D:1)
18 creatures vanquished.

Notes
Turn   | Place    | Note
-------+----------+-------------------------------------------
     0 | D:1      | pokeman the Deep Elf Hedge Wizard began the quest for the
                  | Orb.
     0 | D:1      | Reached XP level 1. HP: 10/10 MP: 7/7
   286 | D:1      | Reached XP level 2. HP: 16/16 MP: 7/9
   519 | D:1      | Slain by an endoplasm

Illustrated notes

Levels and vault maps discovered:
D:1:      dpeg_arrival_round_c, layout_basic,
          hellmonk_ecumenical_altar_crossroads, minmay_indecisive_spiral

Action                   || total
-------------------------++-------
Melee: Dagger            ||    15
 Cast: Magic Dart        ||    35
Armor: Robe              ||     9
Dodge: Dodged            ||    15

Table legend: (Time is in decaauts)
 A = Elapsed time spent in this place.
 B = Non-inter-level travel time spent in this place.
 C = Inter-level travel time spent in this place.
 D = Time resting spent in this place.
 E = Time spent auto-exploring this place.
 F = Levels seen in this place.
 G = Mean time per level.
                   A        B        C        D        E       F      G
               +--------+--------+--------+--------+--------+-----+--------+
         Total |    519 |    519 |      0 |      0 |    390 |   1 |  519.0 |
       Dungeon |    519 |    519 |      0 |      0 |    390 |   1 |  519.0 |
               +--------+--------+--------+--------+--------+-----+--------+

Top non-repeatable levels by time:
     D:1: 519 daAuts
